 Dungeon Crawl Stone Soup version 0.31-a0-271-gb88eb75 (webtiles) character file.

Game seed: 16846512757286319771

28 lyrin the Vexing (level 3, -3/27 HPs)
             Began as a Barachi Hexslinger on July 14, 2023.
             Slain by a hobgoblin (5 damage)
             ... on level 2 of the Dungeon.
             The game lasted 00:01:34 (794 turns).

lyrin the Vexing (Barachi Hexslinger)                Turns: 794, Time: 00:01:35

Health: -3/27      AC:  2    Str:  9    XL:     3   Next: 14%
Magic:  4/4        EV: 12    Int: 15    God:
Gold:   73         SH:  0    Dex: 14    Spells: 3/4 levels left

rFire   . . .        e - +1 dagger (venom)
rCold   . . .        (no shield)
rNeg    . . .        c - +0 robe
rPois   .            (no helmet)
rElec   .            (no cloak)
rCorr   .            (no gloves)
SInv    .            (no boots)
Will    .....        (no amulet)
Stlth   +            (no ring)
HPRegen 0.24/turn    (no ring)
MPRegen 0.09/turn

%: no passive effects
@: slow
A: amphibious, slowness 1, strong legs 1, +LOS
a: Hop


You were on level 2 of the Dungeon.
You visited 1 branch of the dungeon, and saw 2 of its levels.

You collected 73 gold pieces.

Inventory:

Hand Weapons
 a - a +1 sling
 e - a +1 dagger of venom (weapon)
Missiles
 h - 6 poisoned darts
Armour
 c - a +0 robe (worn)
Scrolls
 b - a scroll of poison
 d - a scroll of amnesia {unknown}
 f - 2 scrolls of identify {unknown}
Potions
 g - a potion of mutation {unknown}


   Skills:
 + Level 1.6 Fighting
 + Level 3.1 Ranged Weapons
 + Level 2.2 Dodging
 + Level 1.1 Spellcasting
 + Level 3.5 Hexes


You had 3 spell levels left.
You knew the following spells:

 Your Spells              Type           Power      Damage    Failure   Level
a - Slow                  Hex            44%        N/A       6%          1

Your spell library contained the following spells:

 Spells                   Type           Power      Damage    Failure   Level
 Apportation              Tloc           0%         N/A       24%         1
 Necrotise                Necr           0%         1d4       24%         1
 Inner Flame              Hex/Fire       6%         N/A       34%         3
 Portal Projectile        Hex/Tloc       12%        N/A       34%         3
 Vampiric Draining        Necr           0%         2d6       58%         3
 Cause Fear               Hex            5%         N/A       50%         4
 Flame Wave               Conj/Fire      0%         2d4       94%         4
 Sticky Flame             Conj/Fire      0%         2d3       94%         4
 Agony                    Necr           0%         N/A       100%        5
 Alistair's Intoxication  Tmut/Pois      0%         N/A       100%        5


Dungeon Overview and Level Annotations

Branches:
Dungeon (2/15)

Altars:


Innate Abilities, Weirdness & Mutations

You are amphibious.
You cover ground slowly.
You can hop short distances.
You have an extended range of vision and can be seen from far away.


Message History

The sling bullet closely misses the goblin.
The goblin hits you with a +0 dagger. The hobgoblin hits you.
You shoot a sling bullet.
The sling bullet closely misses the goblin.
The goblin closely misses you. The hobgoblin barely misses you.
The goblin hits you with a +0 dagger. The hobgoblin closely misses you.
The goblin attacks as you move away! The goblin barely misses you.
The goblin attacks as you move away! The goblin completely misses you.
You shoot a sling bullet.
The sling bullet closely misses the goblin.
The sling bullet hits the hobgoblin.
The hobgoblin is heavily wounded.
The goblin closely misses you.
You shoot a sling bullet.
The sling bullet completely misses the goblin.
The goblin misses you. The goblin hits you but does no damage.
The hobgoblin barely misses you.
You shoot a sling bullet.
The sling bullet hits the hobgoblin but does no damage.
The hobgoblin is heavily wounded.
The goblin hits you with a +0 dagger. The hobgoblin hits you.
You are too injured to fight recklessly!
You are too injured to fight recklessly!
You are too injured to fight recklessly!
Unknown command.
The hobgoblin attacks as you move away! The hobgoblin barely misses you.
Your +1 dagger of venom begins to drip with poison!
e - a +1 dagger of venom (weapon)
The goblin closely misses you.
The hobgoblin hits you but does no damage.
You barely miss the goblin.
The goblin is moderately wounded.
The goblin hits you with a +0 dagger. The hobgoblin hits you.
* * * LOW HITPOINT WARNING * * *
You closely miss the goblin.
The goblin is moderately wounded.
The goblin hits you with a +0 dagger.
* * * LOW HITPOINT WARNING * * *
The hobgoblin hits you.
You die...

#...........##.
#.............
#...........#
#...........#
####...........## .
##...†...........###...
#..##..................
#.###.........g..###
###.# ###......@g..#
##...#####.....####.##
.........#..#..# #..#
.........#..#...#
##.......#
.........#..#.#..#
#....####
##.#.#.###..#.##......###
#.#...###..#.# .......
#.#........#. ......
##†#.>...... ..........?


You could see a hobgoblin and a goblin.

Vanquished Creatures
  2 dart slugs (D:1)
  3 bats
  3 endoplasms (D:1)
  2 giant cockroaches
  A goblin (D:1)
  A hobgoblin (D:1)
  2 quokkas
  2 ball pythons (D:1)
  2 frilled lizards (D:1)
  2 kobolds (D:1)
  3 rats
23 creatures vanquished.

Notes
Turn   | Place    | Note
-------+----------+-------------------------------------------
     0 | D:1      | lyrin the Barachi Hexslinger began the quest for the Orb.
     0 | D:1      | Reached XP level 1. HP: 15/15 MP: 2/2
   277 | D:1      | Reached XP level 2. HP: 21/21 MP: 3/3
   572 | D:1      | Reached XP level 3. HP: 26/26 MP: 4/4
   794 | D:2      | Slain by a hobgoblin

Illustrated notes

Levels and vault maps discovered:
D:1:      dpeg_arrival_erosion, layout_rooms, serial_park_tiny_2
D:2:      layout_rooms, kennysheep_generic_room_15

Skill      XL: |  1  2 |
---------------+-------+-----
Ranged Weapons | 3 |  3.1
Fighting       | |  1.6
Dodging        | |  2.2
Spellcasting   | |  1.1
Hexes          | |  3.5

Action                     || total
---------------------------++-------
  Melee: Dagger            ||     2
   Fire: Sling             ||    92
   Cast: Slow              ||     2
 Armour: Robe              ||     8
  Dodge: Dodged            ||    36

Table legend: (Time is in decaauts)
 A = Elapsed time spent in this place.
 B = Non-inter-level travel time spent in this place.
 C = Inter-level travel time spent in this place.
 D = Time resting spent in this place.
 E = Time spent auto-exploring this place.
 F = Levels seen in this place.
 G = Mean time per level.
                   A        B        C        D        E       F      G
               +--------+--------+--------+--------+--------+-----+--------+
         Total |    911 |    889 |     22 |    140 |    560 |   2 |  455.5 |
       Dungeon |    911 |    889 |     22 |    140 |    560 |   2 |  455.5 |
               +--------+--------+--------+--------+--------+-----+--------+

Top non-repeatable levels by time:
     D:1: 739 daAuts
     D:2: 171 daAuts
